 Dungeon Crawl Stone Soup version 0.31.0-11-ge490571c62 (webtiles) character file.

Game seed: 592617521493446789

98 hawla the Conjurer (level 4, -4/30 HPs)
             Began as a Human Conjurer on Feb 1, 2024.
             Slain by an ogre
             ... wielding a +0 giant club
              (24 damage)
             ... on level 2 of the Dungeon.
             The game lasted 00:07:45 (2431 turns).

hawla the Conjurer (Human Conjurer)                 Turns: 2431, Time: 00:07:46

Health: -4/30      AC:  6    Str:  7    XL:     4   Next: 69%
Magic:  0/7        EV: 12    Int: 20    God:
Gold:   28         SH:  0    Dex: 12    Spells: 0/7 levels left

rFire   . . .        (no weapon)
rCold   . . .        (no shield)
rNeg    . . .        a - +0 robe
rPois   .            d - +0 helmet
rElec   .            (no cloak)
rCorr   .            f - +1 pair of gloves
SInv    .            c - +0 pair of boots
Will    .....        (no amulet)
Stlth   ++           (no ring)
HPRegen 0.25/turn    (no ring)
MPRegen 0.10/turn

%: no passive effects
@: no status effects
A: explore regen
a: no special abilities


You were on level 2 of the Dungeon.
You visited 1 branch of the dungeon, and saw 3 of its levels.

You collected 158 gold pieces.
You spent 130 gold pieces at shops.

Inventory:

Armour
 a - a +0 robe (worn)
 c - a +0 pair of boots (worn)
 d - a +0 helmet (worn)
 f - a +1 pair of gloves (worn)
Potions
 b - 3 potions of might
 e - 4 potions of heal wounds
 h - a potion of berserk rage
 i - a potion of curing


   Skills:
 - Level 2.0 Dodging
 - Level 2.0 Stealth
 - Level 2.0 Spellcasting
 - Level 5.0 Conjurations
 + Level 2.9 Translocations


You couldn't memorise any spells.
You knew the following spells:

 Your Spells              Type           Power      Damage    Failure   Level
a - Magic Dart            Conj           88%        1d7       1%          1
b - Searing Ray           Conj           44%        2d6       3%          2
c - Iskenderun's Mystic   Conj/Tloc      17%        2d5       30%         4

Your spell library contained the following spells:

 Spells                   Type           Power      Damage    Failure   Level
 Foxfire                  Conj/Fire      48%        2x1d6     5%          1
 Call Imp                 Summ           4%         N/A       24%         2
 Sublimation of Blood     Necr           2%         N/A       24%         2
 Call Canine Familiar     Summ           2%         N/A       43%         3
 Sigil of Binding         Hex            2%         N/A       43%         3
 Fulminant Prism          Conj/Alch      6%         3d6       50%         4
 Dimensional Bullseye     Hex/Tloc       3%         N/A       65%         4
 Plasma Beam              Fire/Air       1%         2x1d11    100%        6
 Starburst                Conj/Fire      6%         6d4       100%        6
 Summon Hydra             Summ           1%         N/A       100%        7


Dungeon Overview and Level Annotations

Branches:
Dungeon (3/15)

Altars:
Ru

Shops:
D:2 !


Innate Abilities, Weirdness & Mutations

You regain HP and MP as you explore.


Message History

You kill the goblin!
The mystic blast hits the ogre.
The ogre is lightly wounded.
You hear a shout!
An orc comes into view. It is wielding a +0 war axe. x2
The ogre closely misses you.
You hear a shout! x2
Casting: Iskenderun's Mystic Blast (extremely dangerous; 30% risk of failure)
Confirm with . or Enter, or press ? or * to list all spells.
You don't have enough magic to cast this spell.
There are monsters nearby!
Casting: Iskenderun's Mystic Blast (extremely dangerous; 30% risk of failure)
Confirm with . or Enter, or press ? or * to list all spells.
You don't have enough magic to cast this spell.
Casting: Iskenderun's Mystic Blast (extremely dangerous; 30% risk of failure)
Confirm with . or Enter, or press ? or * to list all spells.
Aiming: Searing Ray (safe; 3% risk of failure)
Press: ? - help, Shift-Dir - straight line, f - ogre
Aim: an ogre, wielding a +0 giant club (lightly wounded, 89% to hit)
The searing ray hits the ogre.
The ogre is moderately wounded. (Press . to maintain the ray.) Unknown command.
The searing ray hits the ogre.
The ogre is heavily wounded.
The searing ray hits the rat!
You kill the rat!
The ogre closely misses you. The endoplasm closely misses you.
The ogre hits you with a +0 giant club! The endoplasm barely misses you.
The orc misses you.
You climb upwards.
There is a stone staircase leading down here.
As you read the scroll labelled GUXOST PAPHYR, it crumbles to dust.
It is a scroll of identify.
e - 4 potions of heal wounds The endoplasm barely misses you.
You hit the endoplasm but do no damage.
The ogre hits you with a +0 giant club!!
Ouch! That really hurt!
You die...

#####........# #...
#............#####..#
#............##....†#
#########........÷÷..#.....∩.
#......##)...........#.####..
#......##.....#........# #..
#......##.....#######.## #..
#......##..O.########.#######
#[.....##...@J...............
#.......#############.#.#...#
#......###### ####.#.##..#
#...#'#.....# #....#<##...
#######.#.#†##..### #.#######.#.
...####.#.#.#.....# #.# #.##
##....#'#...#+###.####.# ####.##
##...##.#####.##..#....####.....#
##..##...###...##...####......).#


You could see an ogre and an endoplasm.

Vanquished Creatures
  An orc wizard (D:2)
  Robin (D:2)
  2 dart slugs (D:1)
  3 orcs (D:2)
  2 endoplasms
  3 giant cockroaches
  10 goblins
  6 hobgoblins
  2 jackals (D:1)
  3 quokkas
  6 ball pythons
  3 bats
  A frilled lizard (D:2)
  3 kobolds
  7 rats
53 creatures vanquished.

Notes
Turn   | Place    | Note
-------+----------+-------------------------------------------
     0 | D:1      | hawla the Human Conjurer began the quest for the Orb.
     0 | D:1      | Reached XP level 1. HP: 13/13 MP: 3/3
   203 | D:1      | Reached XP level 2. HP: 15/19 MP: 0/5
   359 | D:1      | Learned a level 2 spell: Searing Ray
   754 | D:1      | Reached XP level 3. HP: 24/24 MP: 3/6
  1018 | D:1      | Reached skill level 5 in Conjurations
  1398 | D:2      | Found a sacrificial altar of Ru.
  1441 | D:2      | Reached skill level 1 in Translocations
  1680 | D:2      | Reached XP level 4. HP: 28/30 MP: 1/7
  1916 | D:2      | Found Dec Niem's Distillery.
  1933 | D:2      | Bought a potion of lignification for 39 gold pieces
  1933 | D:2      | Bought a potion of curing for 39 gold pieces
  1933 | D:2      | Bought a potion of might for 52 gold pieces
  1970 | D:2      | Noticed Robin
  1984 | D:2      | Killed Robin
  2049 | D:2      | Learned a level 4 spell: Iskenderun's Mystic Blast
  2424 | D:3      | Noticed an ogre
  2431 | D:2      | Slain by an ogre

Illustrated notes

Levels and vault maps discovered:
D:1:      dpeg_arrival_rooms_c, layout_basic, serial_forest,
          infiniplex_forest_end_1, infiniplex_forest_clump_C,
          infiniplex_forest_lined_3_way, infiniplex_forest_lined_room_,
          infiniplex_forest_straight_2, infiniplex_forest_clump_double,
          minmay_misc_feat_ornament, st_stairs_11
D:2:      layout_basic, serial_shops, nicolae_square_shop, basic_altar,
          nicolae_hexahallways, chequers_serial_rivers_micro_d,
          minmay_tree_intersection, uniq_robin
D:3:      layout_basic, grunt_ministairs_13

Skill      XL: |  1  2  3 |
---------------+----------+-----
Conjurations   | 5 |  5.0
Translocations | 2 |  2.9
Dodging        | |  2.0
Stealth        | |  2.0
Spellcasting   | |  2.0

Action                     |  1- 3 |  4- 6 || total
---------------------------+-------+-------++-------
  Melee: Unarmed           |    36 |    22 ||    58
         Punch             |     1 |       ||     1
   Cast: Magic Dart        |    45 |     4 ||    49
         Searing Ray       |    13 |     9 ||    22
         Iskenderun's Myst |       |     1 ||     1
    Use: Potion            |     2 |     2 ||     4
         Scroll            |     1 |     1 ||     2
 Armour: Robe              |    29 |    18 ||    47
         Skin              |       |     5 ||     5
  Dodge: Dodged            |    34 |    25 ||    59
